 Dungeon Crawl Stone Soup version 0.32-a0-876-gcfddb08e57 (webtiles) character file.

Game seed: 2065958740694475271

94 Lanoc the Shooter (level 4, -6/34 HPs)
             Began as a Coglin Hunter on Apr 1, 2024.
             Mangled by a gnoll
             ... wielding a +0 halberd
              (7 damage)
             ... on level 3 of the Dungeon.
             The game lasted 00:02:06 (1531 turns).

Lanoc the Shooter (Coglin Hunter)                   Turns: 1531, Time: 00:02:06

Health: -6/34      AC:  3    Str: 11    XL:     4   Next: 63%
Magic:  4/4        EV: 11    Int:  5    God:
Gold:   86         SH:  0    Dex: 14    Spells: 3/3 levels left

rFire   + + +        o - +10 quarterstaff of Conscience {freeze, rPois rF+++ Int-4 Dex-5}
rCold   . . .        (shield currently unavailable)
rNeg    . . .        c - +0 leather armour
rPois   +            (no helmet)
rElec   .            (no cloak)
rCorr   .            (no gloves)
SInv    .            (no boots)
Will    .....        (amulet unavailable)
Stlth   +            (ring unavailable)
HPRegen 0.25/turn    (ring unavailable)
MPRegen 0.09/turn    (no gizmo)

%: no passive effects
@: revved
A: off-hand wielding, slow wielding, warmup strikes, no jewellery
a: Invent Gizmo


You were on level 3 of the Dungeon.
You visited 1 branch of the dungeon, and saw 3 of its levels.

You collected 86 gold pieces.

Inventory:

Hand Weapons
 a - a +2 sling {Isabel}
 d - a +0 sling {Elena}
 o - the +10 quarterstaff of Conscience (weapon) {freeze, rPois rF+++ Int-4 Dex-5}
   (You found it on level 3 of the Dungeon)

   Int-4:     It affects your intelligence (-4).
   Dex-5:     It affects your dexterity (-5).
   rF+++:     It renders you almost immune to fire.
   rPois:     It protects you from poison.
Armour
 c - a +0 leather armour (worn)
Scrolls
 b - a scroll of butterflies
 e - a scroll of torment {unknown}
 f - a scroll of blinking {unknown}
 g - 3 scrolls of identify {unknown}
 i - a scroll of amnesia {unknown}
 j - a scroll of noise {unknown}
 k - a scroll of vulnerability {unknown}
 l - a scroll of fear {unknown}
 m - a scroll of poison {unknown}
 n - a scroll of silence {unknown}
Potions
 h - 2 potions of haste {unknown}


   Skills:
 + Level 2.8 Fighting
 * Level 4.6 Ranged Weapons
 + Level 2.5 Dodging
 - Level 0.7 Stealth


You had 3 spell levels left.
You didn't know any spells.
Your spell library contained the following spells:

 Spells                   Type           Power      Damage    Failure   Level
 Slow                     Hex            0%         N/A       56%         1
 Confusing Touch          Hex            0%         N/A       91%         3
 Passwall                 Erth           0%         N/A       91%         3
 Vampiric Draining        Necr           0%         2d6       91%         3
 Volatile Blastmotes      Fire/Tloc      0%         2d10      91%         3
 Vhi's Electric Charge    Tloc/Air       0%         N/A       100%        4
 Bombard                  Conj/Erth      0%         9d1       100%        6


Dungeon Overview and Level Annotations

Branches:
Dungeon (3/15)

Altars:
Dithmenos


Innate Abilities, Weirdness & Mutations

You can wield a second weapon in your off-hand.
It takes a long time for you to wield or remove held weapons.
Your first few attacks do less damage.
You cannot equip rings or amulets.


Message History

Found 10 gold pieces.
The gnoll shouts!
A gnoll is nearby! 2 gnolls come into view.
Found a leather armour.
The gnoll shouts!
You hear an angry hiss.
A giant cockroach comes into view.
A gnoll comes into view. It is wielding a +0 halberd.
The gnoll shouts!
You sock the gnoll! You freeze the gnoll.
You kill the gnoll!
The gnoll hits you from afar with a +0 halberd.
You thump the giant cockroach! You freeze the giant cockroach.
You kill the giant cockroach!
The gnoll misses you.
Found 3 stones.
The gnoll completely misses you.
Things that are here:
a +0 whip; a giant cockroach corpse You hit the gnoll.
You freeze the gnoll.
The gnoll is lightly wounded.
The gnoll hits you with a +0 club. The gnoll hits you with a +0 halberd!
The gnoll barely misses you. x2
You sock the gnoll! You freeze the gnoll.
You kill the gnoll!
The gnoll hits you from afar with a +0 halberd.
The gnoll hits you with a +0 halberd!
* * * LOW HITPOINT WARNING * * *
You hit the gnoll. You freeze the gnoll.
The gnoll is heavily wounded.
A giant cockroach comes into view.
The gnoll completely misses you. The gnoll closely misses you.
You hit the gnoll. You freeze the gnoll.
The gnoll is almost dead.
The gnoll closely misses you. The gnoll hits you with a +0 halberd!
* * * LOW HITPOINT WARNING * * *
You sock the gnoll! You freeze the gnoll.
You kill the gnoll!
The gnoll completely misses you.
The gnoll hits you from afar with a +0 halberd!
You die...

.......####...########.....####.#
.......# ###..#######.....# #.#
.......# #..........#####.# #.#
######## #..........# #.# #.# .#
#..........# #.# #.# .#
#..........# #.# #.# .#
#####......# #.# #.# .# ###.###.#
#.# ## #.)@.# .. #.)..# # #..g.#
#..... ......B ..##.[##. #.. ...#
#. #.. ###. (.


You could see a gnoll and a giant cockroach.

Vanquished Creatures
  Jessica (D:2)
  3 gnolls (D:3)
  A ribbon worm (D:3)
  4 ball pythons
  4 endoplasms
  2 giant cockroaches (D:3)
  4 goblins
  2 hobgoblins
  4 jackals (D:2)
  3 kobolds
  2 quokkas
  11 bats
  3 frilled lizards
  2 rats (D:1)
46 creatures vanquished.

Notes
Turn   | Place    | Note
-------+----------+-------------------------------------------
     0 | D:1      | Lanoc the Coglin Hunter began the quest for the Orb.
     0 | D:1      | Reached XP level 1. HP: 16/16 MP: 1/1
   156 | D:1      | Found a faded altar of an unknown god.
   160 | D:1      | Reached XP level 2. HP: 22/22 MP: 2/2
   233 | D:1      | Reached skill level 4 in Ranged Weapons
   568 | D:2      | Reached XP level 3. HP: 28/28 MP: 3/3
   927 | D:2      | Found a shadowy altar of Dithmenos.
  1019 | D:2      | Noticed Jessica
  1021 | D:2      | Killed Jessica
  1022 | D:2      | Reached XP level 4. HP: 34/34 MP: 4/4
  1218 | D:3      | Found a shadowy altar of Dithmenos.
  1418 | D:3      | Identified the +10 quarterstaff of Conscience {freeze,
                  | rPois rF+++ Int-4 Dex-5}
  1530 | D:3      | HP: 1/34 [gnoll/+0 halberd (9)]
  1531 | D:3      | Mangled by a gnoll

Illustrated notes

Levels and vault maps discovered:
D:1:      amcnicky_arrival_wind_blow, layout_rooms,
          hellmonk_ecumenical_altar_pennies_from_heaven, kennysheep_crisscross
D:2:      layout_loops_ring, basic_altar, uniq_jessica
D:3:      layout_basic, lemuel_crystal_altar, minmay_vboxes

Skill      XL: |  1  2 |
---------------+-------+-----
Dodging        | 2 |  2.5
Ranged Weapons | 4 |  4.6
Fighting       | |  2.8
Stealth        | |  0.7

Action                     |  1- 3 |  4- 6 || total
---------------------------+-------+-------++-------
  Melee: Quarterstaff      |       |     7 ||     7
   Fire: Sling             |   120 |    36 ||   156
 Armour: Leather armour    |    13 |     8 ||    21
  Dodge: Dodged            |    10 |     8 ||    18

Table legend: (Time is in decaauts)
 A = Elapsed time spent in this place.
 B = Non-inter-level travel time spent in this place.
 C = Inter-level travel time spent in this place.
 D = Time resting spent in this place.
 E = Time spent auto-exploring this place.
 F = Levels seen in this place.
 G = Mean time per level.
                   A        B        C        D        E       F      G
               +--------+--------+--------+--------+--------+-----+--------+
         Total |   1553 |   1478 |     75 |      0 |   1263 |   3 |  517.7 |
       Dungeon |   1553 |   1478 |     75 |      0 |   1263 |   3 |  517.7 |
               +--------+--------+--------+--------+--------+-----+--------+

Top non-repeatable levels by time:
     D:2: 617 daAuts
     D:1: 571 daAuts
     D:3: 364 daAuts
